 Dungeon Crawl Stone Soup version 0.19-a0-13-gc67dc5e (webtiles) character file.

44 Banto the Cudgeler (level 3, 0/27 HPs)
             Began as a Human Skald on Apr 29, 2016.
             Was an Initiate of Okawaru.
             Slain by Natasha (7 damage)
             ... on level 2 of the Dungeon.
             The game lasted 00:02:41 (1433 turns).

Banto the Cudgeler (Human Skald)                    Turns: 1433, Time: 00:02:42

Health: 0/27       AC:  4    Str: 12    XL:     3   Next: 85%
Magic:  5/6        EV: 11    Int: 12    God:    Okawaru [......]
Gold:   105        SH:  0    Dex: 13    Spells: 3 memorised, 1 level left

rFire  . . .     SeeInvis .     j - +2 mace (holy)
rCold  . . .     Gourm    .     b - +0 leather armour
rNeg   . . .     Faith    .     (no shield)
rPois  .         Spirit   .     e - +0 helmet
rElec  .         Dismiss  .     (no cloak)
rCorr  .         Reflect  .     (no gloves)
SustAt .         Harm     .     (no boots)
MR     .....                    (no amulet)
Stlth  +.........               (no ring)
                                (no ring)

@: infused, slowed, very slow, not resistant to hostile enchantments, very
unstealthy
A: no striking features
a: Renounce Religion


You were on level 2 of the Dungeon.
You worshipped Okawaru.
Okawaru was noncommittal.
You were not hungry.

You visited 1 branch of the dungeon, and saw 2 of its levels.

You collected 105 gold pieces.

Inventory:

Hand Weapons
 a - a +0 mace
 j - a +2 mace of holy wrath (weapon)
Armour
 b - a +0 leather armour (worn)
 e - a +0 helmet (worn)
Scrolls
 k - 2 scrolls of remove curse {unknown}
Potions
 h - a potion of might {unknown}
 i - a potion of ambrosia {unknown}
Books
 c - a book of Battle

   Spells                             Type                      Level
   a - Infusion                       Charms                       1
   b - Shroud of Golubria             Charms/Translocation         2
   c - Song of Slaying                Charms                       2
   d - Spectral Weapon                Hexes/Charms                 3
   e - Regeneration                   Charms/Necromancy            3
Comestibles
 d - 2 bread rations
 f - a royal jelly


   Skills:
 - Level 2.0 Fighting
 + Level 3.8 Maces & Flails
 - Level 1.0 Armour
 - Level 1.0 Dodging
 - Level 2.0 Spellcasting
 - Level 3.0 Charms


You had one spell level left.
You knew the following spells:

 Your Spells              Type           Power        Failure   Level  Hunger
a - Infusion              Chrm           #...         12%         1    ##.....
b - Song of Slaying       Chrm           #.......     17%         2    ###....
c - Shroud of Golubria    Chrm/Tloc      #.........   28%         2    ###....


Dungeon Overview and Level Annotations

Branches:
Dungeon (2/15)

Altars:
Fedhas
Okawaru

Annotations:
D:2 Natasha


Message History

Natasha is lightly wounded.
Natasha claws you!
Natasha mumbles some strange words.
You take 17 damage, and have 9/27 hp.
MASSIVE DAMAGE!!
You are too injured to fight recklessly!
You barely miss Natasha.
Natasha is lightly wounded.
Natasha barely misses you. The crimson imp hits you.
* * * LOW HITPOINT WARNING * * *
You take 1 damage, and have 8/27 hp.
Unknown command.
Casting: Infusion
Confirm with . or Enter, or press ? or * to list all spells.
You begin infusing your attacks with magical energy.
Natasha extends her claws.
Natasha misses you. The crimson imp hits you.
* * * LOW HITPOINT WARNING * * *
The crimson imp hits you but does no damage.
Natasha claws you!
You die...

♣...♣♣♣♣♣..#..#...#..#>#
#. ♣._. ♣♣.##.##.##.##.#
#. ♣.♣ #..........##.#
#. ♣
#####.(...###.#######.
#(#....>..........
#(#.############## #.#.#
#5#.# #@#.# #h#.# #5#.#
#.#.# ....# #.# ..# ###


You could see Natasha, a crimson imp and a white imp.

Vanquished Creatures
  An adder (D:2)
  A giant gecko (D:2)
  4 bats
  A giant cockroach (D:1)
  4 goblins (D:1)
  8 hobgoblins
  4 kobolds
  A quokka (D:2)
  4 giant newts
  A rat (D:1)
29 creatures vanquished.

Notes
Turn   | Place    | Note
--------------------------------------------------------------
     0 | D:1      | Banto the Human Skald began the quest for the Orb.
     0 | D:1      | Reached XP level 1. HP: 16/16 MP: 3/3
   252 | D:1      | Reached XP level 2. HP: 19/22 MP: 5/5
   831 | D:1      | Learned a level 2 spell: Song of Slaying
   834 | D:1      | Learned a level 2 spell: Shroud of Golubria
   915 | D:2      | Reached XP level 3. HP: 23/27 MP: 6/6
  1378 | D:2      | Found an iron altar of Okawaru.
  1397 | D:2      | Found a blossoming altar of Fedhas.
  1411 | D:2      | Became a worshipper of Warmaster Okawaru
  1422 | D:2      | Noticed Natasha
  1433 | D:2      | Slain by Natasha

Vault maps used:
D:1:      erik_arrival_triangle_large
D:2:      lemuel_zombie_altar_yredelemnul, okawaru_gym_becter, fedhas_altar_4,
          first_bread, uniq_natasha

Skill      XL: |  1  2 |
---------------+-------+-----
Maces & Flails | 3 |  3.8
Fighting       | |  2.0
Armour         | |  1.0
Dodging        | |  1.0
Spellcasting   | |  2.0
Charms         | |  3.0

Action                   || total
-------------------------++-------
Melee: Mace              ||   108
 Cast: Infusion          ||     2
  Use: Scroll            ||     1
  Eat: Chunk             ||     2
Armor: Leather armour    ||    39
Dodge: Dodged            ||    82

Table legend:
 A = Turns spent in this place as a percentage of turns spent in the entire game.
 B = Non-inter-level travel turns spent in this place as a percentage of non-inter-level travel turns spent in the entire game.
 C = Inter-level travel turns spent in this place as a percentage of turns spent in this place.
 D = Turns resting spent in this place as a percentage of non-inter-level travel turns spent in this place.
 E = Turns spent auto-exploring this place as a percentage of non-inter-level travel turns spent in this place.
 F = Non-inter-level travel turns spent in this place divided by the number of levels of this place that you've seen.
                   A       B       C       D       E      F
               +-------+-------+-------+-------+-------+----------------------
         Total | 100.0 | 100.0 |   0.5 |   2.5 |  12.6 | 198.0
       Dungeon | 100.0 | 100.0 |   0.5 |   2.5 |  12.6 | 198.0
               +-------+-------+-------+-------+-------+----------------------

Table legend:
 A = Kills in this place as a percentage of kills in entire the game.
 B = Kills by you in this place as a percentage of kills by you in the entire game.
 C = Kills by friends in this place as a percentage of kills by friends in the entire game.
 D = Other kills in this place as a percentage of other kills in the entire game.
 E = Experience gained in this place as a percentage of experience gained in the entire game.
 F = Experience gained in this place divided by the number of levels of this place that you have seen.
                   A       B       C       D       E      F
               +-------+-------+-------+-------+-------+----------------------
         Total | 100.0 | 100.0 |  -nan |  -nan | 100.0 |  31.5
       Dungeon | 100.0 | 100.0 |  -nan |  -nan | 100.0 |  31.5
               +-------+-------+-------+-------+-------+----------------------
